 Dungeon Crawl Stone Soup version 0.29.1-2-gbd0b4ee654 (webtiles) character file.

Game seed: 10150384005024323140

1358 Icepheonix32 the Protected (level 8, -2/70 HPs)
             Began as a Minotaur Fighter on Nov 16, 2022.
             Was a Follower of Okawaru.
             Slain by an ogre
             ... wielding a +0 giant spiked club
              (29 damage)
             ... on level 6 of the Dungeon.
             The game lasted 00:05:26 (5653 turns).

Icepheonix32 the Protected (Minotaur Fighter)       Turns: 5653, Time: 00:05:26

Health: -2/70      AC: 18    Str: 22    XL:     8   Next: 37%
Magic:  5/7        EV: 10    Int:  7    God:    Okawaru [*.....]
Gold:   317        SH:  6    Dex:  9    Spells: 7/7 levels left

rFire   + . .      SeeInvis .   a - +0 war axe
rCold   . . .      Faith    .   c - +0 buckler
rNeg    + . .      Spirit   .   A - +1 chain mail {rF+}
rPois   +          Reflect  .   (helmet restricted)
rElec   .          Harm     .   s - +1 cloak
rCorr   .          Rampage  .   (no gloves)
Will    .....                   m - +0 pair of boots
Stlth   ..........              (no amulet)
HPRegen 0.21/turn               p - ring of positive energy
MPRegen 0.10/turn               q - ring of poison resistance

@: mighty, heroic
A: horns 2, retaliatory headbutt
a: Renounce Religion, Heroism


You were on level 6 of the Dungeon.
You worshipped Okawaru.
Okawaru was aware of your devotion.
You visited 2 branches of the dungeon, and saw 7 of its levels.

You collected 317 gold pieces.

Inventory:

Hand Weapons
 a - a +0 war axe (weapon)
 r - a +4 quarterstaff of chaos
Missiles
 l - 10 boomerangs (quivered)
Armour
 b - a +0 scale mail
 c - a +0 buckler (worn)
 m - a +0 pair of boots (worn)
 s - a +1 cloak (worn)
 A - a +1 chain mail of fire resistance (worn)
Jewellery
 p - a ring of positive energy (left hand)
 q - a ring of poison resistance (right hand)
Wands
 e - a wand of light (15)
Scrolls
 f - a scroll of vulnerability {unknown}
 g - a scroll of fear {unknown}
 h - a scroll of enchant armour {unknown}
 i - 3 scrolls of teleportation {unknown}
 k - 9 scrolls of identify {unknown}
 o - 3 scrolls of butterflies {unknown}
 u - a scroll of magic mapping {unknown}
 y - a scroll of poison {unknown}
 z - 2 scrolls of immolation {unknown}
Potions
 j - 2 potions of resistance {unknown}
 n - a potion of heal wounds
 t - 3 potions of curing {unknown}
 v - a potion of brilliance {unknown}
 w - a potion of attraction {unknown}


   Skills:
 + Level 5.7(10.7) Fighting
 + Level 5.4(10.4) Axes
 * Level 9.1(14.1) Armour
 + Level 2.5(7.5) Dodging
 + Level 0.6(5.6) Stealth
 + Level 4.9(9.9) Shields
 * Level 2.7 Evocations


You had 7 spell levels left.
You didn't know any spells.
Your spell library contained the following spells:

 Spells                   Type           Power      Damage    Failure   Level
 Magic Dart               Conj           0%         1d3       95%         1
 Shock                    Conj/Air       0%         1d3       95%         1
 Ensorcelled Hibernation  Hex/Ice        0%         N/A       99%         2
 Passwall                 Tmut/Erth      0%         N/A       99%         2
 Mephitic Cloud           Conj/Pois/Air  0%         N/A       100%        3
 Spider Form              Tmut/Pois      0%         N/A       100%        3
 Swiftness                Air            0%         N/A       100%        3
 Airstrike                Air            0%         2d(0-16)  100%        4
 Anguish                  Hex/Necr       0%         N/A       100%        4
 Call Imp                 Summ           Unusable   N/A       N/A         2

Dungeon Overview and Level Annotations

Branches:
Dungeon (6/15)             Temple (1/1) D:5

Altars:
Ashenzari
Cheibriados
Dithmenos
Elyvilon
Hepliaklqana
Kikubaaqudgha
Makhleb
Nemelex Xobeh
Okawaru
Ru
Sif Muna
Trog
Uskayaw
Vehumet
Wu Jian
Xom
Yredelemnul
Zin

Annotations:
D:6 Sigmund


Innate Abilities, Weirdness & Mutations

You have a pair of horns on your head.
You reflexively headbutt those who attack you in melee.


Message History

The ogre attacks as you move away! The ogre hits you with a +0 giant club!
You feel much better.
The phantom hits you but does no damage.
You feel very mighty all of a sudden. The phantom hits you.
The phantom blinks!
You blink.
Found an Everburning Encyclopedia.
You slash the phantom!
The phantom is almost destroyed.
The phantom hits you but does no damage.
You completely miss the phantom.
The phantom is almost destroyed.
You slash the ogre! Something hits you but does no damage.
The phantom hits you but does no damage.
The ogre completely misses you. The phantom barely misses you.
The ogre completely misses you.
You slash the phantom!
You destroy the phantom!
Okawaru accepts your kill.
You barely miss the ogre. You hit the ogre.
Something hits you but does no damage. The ogre hits you with a +0 giant club!
You slash the ogre!
You kill the ogre!
Okawaru accepts your kill.
You hit the ogre.
The ogre hits you with a +0 giant spiked club!
Something hits you.
Your Armour skill increases to level 9!
The ogre hits you with a +0 giant spiked club!!
* * * LOW HITPOINT WARNING * * *
You block something's attack.
Things that are here:
a +0 giant club; an ogre corpse You slash something!
You slash the ogre! The ogre barely misses you.
Unknown command.
You feel much better. Something hits you but does no damage.
You gain the combat prowess of a mighty hero.
The ogre closely misses you. Something hits you but does no damage.
You miss something. You closely miss the ogre.
The ogre hits you with a +0 giant spiked club!!
You die...

#. ### # .: ..#
#. #. #.# .. #.
#.# #.#.##.#
....#.# #
#...#####.# ..
#.........#
..#@O#.#.##..
#..{.#.# ## #
#..#.#O# .#.####
##.#...##.......
#.....ยง...$#
#.##.#######
#.##.# #.##.#
##.#####[##.#


You could see an ogre.

Vanquished Creatures
  An ice beast (D:5)
  A black bear (D:5)
  3 ogres
  A phantom (D:6)
  A kobold brigand (D:5)
  A scorpion (D:4)
  A howler monkey (D:5)
  4 hounds
  Crazy Yiuf (D:3)
  2 orc priests
  A jelly (D:5)
  Ijyb (D:3)
  Terence (D:2)
  2 iguanas (D:5)
  5 orc wizards
  Robin (D:2)
  7 adders
  An ufetubus (D:5)
  4 worms
  A dart slug (D:4)
  14 orcs
  7 bats
  8 endoplasms
  7 giant cockroaches
  12 goblins
  6 hobgoblins
  2 quokkas
  8 ball pythons
  5 frilled lizards
  11 kobolds
  5 rats
125 creatures vanquished.

Notes
Turn   | Place    | Note
-------+----------+-------------------------------------------
     0 | D:1      | Icepheonix32 the Minotaur Fighter began the quest for the
                  | Orb.
     0 | D:1      | Reached XP level 1. HP: 19/19 MP: 0/0
   200 | D:1      | Reached XP level 2. HP: 27/27 MP: 1/1
   229 | D:1      | Reached skill level 4 in Armour
   372 | D:1      | Found a faded altar of an unknown god.
   502 | D:1      | Reached XP level 3. HP: 33/33 MP: 2/2
   921 | D:2      | Reached skill level 1 in Dodging
   933 | D:2      | Identified the +0 helmet of Okawaru's Condemnation {rPois
                  | rCorr Str-3 Dex+5}
   933 | D:2      | Noticed Robin
   948 | D:2      | Killed Robin
   949 | D:2      | Reached XP level 4. HP: 26/40 MP: 3/3
  1176 | D:2      | Noticed Terence
  1183 | D:2      | Killed Terence
  2003 | D:3      | Noticed Ijyb
  2023 | D:3      | Killed Ijyb
  2024 | D:3      | Reached XP level 5. HP: 44/46 MP: 4/4
  2203 | D:3      | Found a runed translucent door.
  2204 | D:3      | Noticed Crazy Yiuf
  2672 | D:3      | Killed Crazy Yiuf
  2673 | D:3      | Reached skill level 5 in Axes
  2893 | D:4      | Reached skill level 5 in Armour
  2894 | D:4      | Reached XP level 6. HP: 19/53 MP: 5/5
  2945 | D:4      | Reached skill level 1 in Evocations
  3277 | D:4      | Found a burning altar of Makhleb.
  3305 | D:4      | Found a bloodstained altar of Trog.
  3510 | D:4      | Found a shimmering altar of Xom.
  3511 | D:4      | Found a broken altar of Ashenzari.
  3511 | D:4      | Found an ancient bone altar of Kikubaaqudgha.
  3513 | D:4      | Found a shadowy altar of Dithmenos.
  3520 | D:4      | Found a hide-covered altar of Uskayaw.
  3520 | D:4      | Found a sacrificial altar of Ru.
  3521 | D:4      | Found an ornate altar of the Wu Jian Council.
  3525 | D:4      | Found a radiant altar of Vehumet.
  3530 | D:4      | Reached skill level 6 in Armour
  3740 | D:5      | Entered Level 5 of the Dungeon
  3885 | D:5      | Reached XP level 7. HP: 42/60 MP: 6/6
  3979 | D:5      | Reached skill level 7 in Armour
  4195 | D:5      | Reached skill level 5 in Fighting
  4222 | D:5      | Found a staircase to the Ecumenical Temple.
  4244 | Temple   | Entered the Ecumenical Temple
  4362 | Temple   | Became a worshipper of Warmaster Okawaru
  4716 | D:5      | Reached skill level 8 in Armour
  4716 | D:5      | Reached XP level 8. HP: 53/69 MP: 7/7
  4906 | D:5      | Reached * piety under Okawaru
  5637 | D:6      | Noticed Sigmund
  5649 | D:6      | Reached skill level 9 in Armour
  5649 | D:6      | HP: 1/70 [ogre/+0 giant spiked club (26)]
  5653 | D:6      | Slain by an ogre

Illustrated notes

Levels and vault maps discovered:
D:1:      lightli_arrival_isolated_outpost, layout_basic,
          ebering_ecumenical_altar_box
D:2:      layout_rooms, serial_co_window_serial, co_window_corner_a,
          co_window_corner_a, co_window_paths_b, co_window_corner_a,
          co_window_corner_a, co_window_of_opportunity_b, co_window_2corner,
          co_window_2corner, co_window_cross_3, co_window_2corner,
          co_window_corner_b, co_window_4corner_b, co_window_4corner_a,
          glass_columns_a, glass_columns_b, glass_columns_c, glass_columns_a,
          glass_columns_c, uniq_terence, uniq_robin
D:3:      layout_loops_cross, uniq_crazy_yiuf_cottage, uniq_ijyb
D:4:      layout_loops_cross, grunt_temple_overflow_open, lemuel_doored_altar,
          nicolae_overflow_crystal_walls
D:5:      layout_layer_cave, minmay_temple_entry_stoned_glass
D:6:      layout_loops_ring, minmay_misc_feat_columns, uniq_sigmund
Temple:   nicolae_temple_two_arcs

Skill      XL: |  1  2  3  4  5  6  7  8 |
---------------+-------------------------+-----
Shields        | 4 |  4.9
Armour         | 4 5 6 8 9 |  9.1
Fighting       | 4 5 |  5.7
Axes           | 3 4 5 |  5.4
Dodging        | 1 2 |  2.5
Evocations     | 1 2 |  2.7
Stealth        | |  0.6

Action                   |  1- 3 |  4- 6 |  7- 9 || total
-------------------------+-------+-------+-------++-------
Melee: War axe           |    87 |   112 |   120 ||   319
       Headbutt          |    16 |    18 |    20 ||    54
Invok: Heroism           |       |       |     1 ||     1
  Use: Potion            |       |     4 |     3 ||     7
Armor: Scale mail        |    36 |    40 |    28 ||   104
       Skin              |       |     7 |       ||     7
       Chain mail        |       |       |    47 ||    47
Dodge: Dodged            |    39 |    78 |    39 ||   156
Block: Buckler           |    15 |    25 |    29 ||    69
